 Seeded DCSS version 0.30.1-4-g462c640d31 (webtiles) character file.

Game seed: 6351066067085065685 (custom seed)

7 Esekla the Grave Robber (level 1, -3/10 HPs)
             Began as a Deep Elf Necromancer on Aug 19, 2023.
             Was an Initiate of Vehumet.
             Frozen to death by an endoplasm (5 damage)
             ... on level 3 of the Dungeon.
             The game lasted 00:07:30 (540 turns).

Esekla the Grave Robber (Deep Elf Necromancer)       Turns: 540, Time: 00:07:31

Health: -3/10      AC:  4    Str:  5    XL:     1   Next: 91%
Magic:  6/6        EV: 12    Int: 19    God:    Vehumet [......]
Gold:   61         SH:  0    Dex: 15    Spells: 5/6 levels left

rFire   . . .        c - +0 short sword
rCold   . . .        (no shield)
rNeg    . . .        a - +0 robe
rPois   .            h - +0 helmet
rElec   .            (no cloak)
rCorr   .            j - +0 pair of gloves
SInv    .            (no boots)
Will    .....        (no amulet)
Stlth   ++           (no ring)
HPRegen 0.21/turn    (no ring)
MPRegen 0.10/turn

%: no passive effects
@: no status effects
A: no striking features
a: Renounce Religion


You were on level 3 of the Dungeon.
You worshipped Vehumet.
Vehumet was noncommittal.
You visited 1 branch of the dungeon, and saw 4 of its levels.

You collected 61 gold pieces.

Inventory:

Hand Weapons
 c - a +0 short sword (weapon)
Armour
 a - a +0 robe (worn)
 h - a +0 helmet (worn)
 j - a +0 pair of gloves (worn)
Scrolls
 e - a scroll of fear {unknown}
Potions
 b - a potion of magic
 d - a potion of ambrosia {unknown}
 f - a potion of haste {unknown}
 g - a potion of mutation {unknown}
 i - a potion of curing {unknown}
 k - a potion of attraction {unknown}


   Skills:
 * Level 2.5 Dodging
 + Level 2.6 Stealth
 * Level 3.1 Spellcasting
 + Level 5.1 Necromancy


You had 5 spell levels left.
You knew the following spells:

 Your Spells              Type           Power      Damage    Failure   Level
a - Necrotise             Necr           88%        1d8       1%          1

Your spell library contained the following spells:

 Spells                   Type           Power      Damage    Failure   Level
 Vampiric Draining        Necr           22%        2d7       5%          3
 Animate Dead             Necr           22%        N/A       19%         4
 Agony                    Necr           22%        N/A       45%         5


Dungeon Overview and Level Annotations

Branches:
Dungeon (4/15)
 Temple: D:4-7

Altars:
Okawaru
Vehumet
Zin


Message History

The hobgoblin is lightly wounded.
The hobgoblin hits you but does no damage.
You hit the hobgoblin but do no damage.
The hobgoblin is lightly wounded.
The hobgoblin barely misses you.
You hit the hobgoblin but do no damage.
The hobgoblin is lightly wounded.
The hobgoblin hits you.
You hit the hobgoblin.
The hobgoblin is severely wounded.
The hobgoblin barely misses you.
You barely miss the hobgoblin.
The hobgoblin is severely wounded.
The hobgoblin hits you but does no damage.
You hit the hobgoblin.
You kill the hobgoblin!
Vehumet accepts your kill.
An endoplasm comes into view.
A bat comes into view.
The endoplasm freezes you.
You are frozen.
You hit the endoplasm but do no damage. The bat barely misses you.
The endoplasm freezes you.
You are frozen.
You hit the endoplasm.
The endoplasm is lightly wounded.
The bat hits you. The endoplasm barely misses you.
You barely miss the endoplasm.
The endoplasm is lightly wounded.
The bat closely misses you. The endoplasm freezes you.
You are frozen.
* * * LOW HITPOINT WARNING * * *
You hit the endoplasm.
The endoplasm is moderately wounded.
The bat hits you but does no damage. The endoplasm freezes you.
You are frozen.
Ouch! That really hurt!
You die...

.....#...##########.# #
.........#### ###.##### #
.....#.#....# #.......# #
.....#.#.##.#####.......#########
.....#..........+................
.....###.###.####.......#########
..(.[# #.# #.####.......# .....#
#.###....#.......# .....#
#.#.....J@b......# .....#
#.#.####.........# ###### #.#
##..####### #.# ##.. ####


You could see an endoplasm and a bat.

Vanquished Creatures
  2 ball pythons (D:1)
  A goblin (D:1)
  A hobgoblin (D:3)
  A frilled lizard (D:1)
  2 kobolds
7 creatures vanquished.

Notes
Turn   | Place    | Note
-------+----------+-------------------------------------------
     0 | D:1      | Esekla the Deep Elf Necromancer began the quest for the
                  | Orb.
     0 | D:1      | Reached XP level 1. HP: 10/10 MP: 6/6
   141 | D:1      | Reached skill level 5 in Necromancy
   303 | D:4      | Found an iron altar of Okawaru.
   367 | D:4      | Found a glowing silver altar of Zin.
   387 | D:4      | Found a radiant altar of Vehumet.
   391 | D:4      | Became a worshipper of Vehumet
   540 | D:3      | Frozen to death by an endoplasm

Illustrated notes

Levels and vault maps discovered:
D:1:      sevenhm_arrival_forest_fort_small_3, layout_rooms,
          chequers_serial_rivers_room_b, minmay_misc_feat_five
D:2:      layout_loops_ring, dreamdust_ecumenical_altar_angels_and_demons,
          serial_shops, shop
D:3:      layout_basic, grunt_temple_overflow_open, minmay_misc_feat_iff
D:4:      layout_basic, nicolae_overflow_quartered_altars, serial_shops,
          nicolae_diamond_shop

Skill      XL: |  1 |
---------------+----+-----
Necromancy     | 5 |  5.1
Dodging        | |  2.5
Stealth        | |  2.6
Spellcasting   | |  3.1

Action                     || total
---------------------------++-------
  Melee: Short sword       ||    25
         Unarmed           ||     9
   Stab: Sleeping          ||     2
 Armour: Robe              ||    10
  Dodge: Dodged            ||    19
